Map: Lost and Found LE

Players

LiquidTLO (TLO)

  • Race: Zerg Zerg
  • Spawn Location: 1:00

harstem - Winner!

  • Race: Protoss Protoss
  • Spawn Location: 7:00

Event: WCS Austin 2018

VOD

Have the link to the VOD?

Description

Time

  • Played on: June 1, 2018, 6 p.m.
  • Length: 14:17

All games in this series

Show
View Real Time Build Order
Export as new Build Order

LiquidTLO Zerg 

Build Orders: Hatch First 

Get SALT Encoding   

  12  0:00  Drone  
  13  0:08  Drone  
  14  0:16  Overlord  
  14  0:34  Drone  
  14  0:35  Drone  
  16  0:47  Hatchery  
  15  0:50  Drone  
  15  0:55  Drone  
  17  1:03  Extractor  
  16  1:10  Spawning Pool  
  15  1:13  Drone  
  15  1:16  Drone  
  17  1:20  Drone  
  18  1:29  Drone  
  19  1:39  Drone  
  20  1:50  Drone  
  21  1:58  Queen x2  
  21  2:01  Zergling x2  
  26  2:02  Overlord  
  26  2:07  Metabolic Boost  
  26  2:11  Zergling x2  
  26  2:13  Drone  
  28  2:22  Drone  
  29  2:23  Drone  
  30  2:34  Hatchery  
  29  2:42  Queen  
  31  2:45  Drone  
  31  2:55  Zergling x4  
  31  2:58  Drone  
  34  3:01  Overlord  
  34  3:02  Drone  
  34  3:04  Overlord  
  35  3:16  Overlord  
  34  3:20  Drone  
  34  3:21  Drone x2  
  34  3:22  Drone  
  34  3:25  Drone  
  37  3:31  Drone  
  37  3:33  Queen  
  40  3:37  Zergling x2  
  40  3:39  Drone  
  42  3:44  Spore Crawler  
  42  3:45  Spore Crawler, Drone  
  42  3:46  Drone  
  42  3:49  Drone  
  42  3:51  Drone  
  42  3:53  Drone  
  45  3:59  Queen  
  45  4:01  Drone  
  48  4:05  Spore Crawler  
  48  4:06  Drone  
  48  4:08  Drone  
  49  4:10  Drone  
  49  4:13  Drone x2  
  52  4:19  Drone x2  
  52  4:20  Drone  
  52  4:21  Drone  
  52  4:22  Drone  
  57  4:26  Overlord  
  57  4:31  Lair  
  57  4:33  Drone  
  58  4:41  Overlord  
  58  4:45  Drone x2, Roach Warren  
  58  4:46  Drone x2  
  58  4:50  Evolution Chamber  
  58  4:51  Drone  
  60  4:53  Drone x2  
  60  4:55  Drone  
  60  4:58  Drone x2  
  64  5:01  Drone  
  64  5:02  Drone, Extractor x2  
  64  5:05  Drone  
  64  5:06  Drone x2  
  67  5:09  Drone  
  67  5:10  Drone x2  
  67  5:12  Extractor  
  67  5:13  Overlord  
  69  5:17  Zerg Missile Weapons Level 1  
  69  5:18  Drone x2  
  69  5:20  Drone  
  72  5:23  Overlord  
  72  5:28  Overlord  
  72  5:30  Roach  
  72  5:32  Glial Reconstitution  
  72  5:34  Roach x3  
  79  5:36  Roach  
  79  5:39  Overlord  
  79  5:41  Overlord  
  81  5:43  Roach x2  
  81  5:44  Roach  
  81  5:47  Overlord  
  81  5:49  Roach  
  89  5:50  Spore Crawler  
  89  5:52  Zergling x4  
  89  5:56  Spore Crawler  
  89  5:57  Spore Crawler  
  89  5:58  Zergling x4  
  89  5:59  Zergling x2  
  89  6:01  Zergling x2  
  89  6:02  Zergling x2  
  89  6:03  Zergling x2  
  91  6:07  Zergling x2  
  91  6:08  Zergling x2  
  91  6:09  Zergling x2  
  91  6:10  Zergling x4  
  95  6:11  Zergling x2  
  95  6:22  Hydralisk Den  
  95  6:23  Drone x3  
  95  6:25  Drone  
  92  6:27  Hatchery, Drone  
  92  6:28  Drone  
  92  6:30  Extractor  
  92  6:31  Drone x2  
  92  6:32  Extractor  
  93  6:33  Drone  
  93  6:34  Drone x2  
  93  6:36  Drone x2  
  93  6:38  Drone  
  94  6:43  Baneling Nest  
  94  6:44  Drone  
  91  6:47  Drone  
  91  6:48  Drone  
  91  6:49  Drone  
  91  6:51  Drone x2  
  91  6:52  Drone  
  91  6:53  Drone  
  90  7:00  Evolution Chamber, Muscular Augments, Hydralisk  
  88  7:01  Hydralisk  
  88  7:02  Hydralisk  
  88  7:05  Spore Crawler x2  
  88  7:08  Hydralisk  
  90  7:09  Spore Crawler  
  90  7:11  Hydralisk  
  90  7:14  Overlord  
  92  7:18  Spore Crawler, Overlord  
  92  7:19  Hydralisk  
  92  7:22  Hydralisk  
  93  7:26  Hydralisk  
  88  7:30  Drone x2  
  88  7:31  Hydralisk x2  
  88  7:32  Drone x2  
  88  7:34  Drone  
  88  7:35  Drone  
  88  7:36  Drone  
  93  7:37  Drone  
  93  7:40  Drone x2  
  93  7:44  Zerg Missile Weapons Level 2  
  96  7:48  Zerg Melee Weapons Level 1  
  96  7:49  Drone  
  96  7:51  Drone  
  98  7:53  Drone  
  98  7:54  Hydralisk  
  98  7:57  Drone x2  
  103  7:59  Drone  
  103  8:01  Hydralisk  
  103  8:03  Hydralisk  
  108  8:07  Spore Crawler x2  
  108  8:08  Drone  
  108  8:12  Hydralisk  
  107  8:13  Hydralisk  
  107  8:18  Overlord, Grooved Spines  
  107  8:19  Hydralisk  
  113  8:23  Hydralisk x2  
  113  8:25  Overlord  
  117  8:28  Overlord  
  117  8:30  Hydralisk  
  117  8:33  Centrifical Hooks  
  119  8:35  Zergling x4  
  119  8:36  Zergling x2  
  119  8:37  Hydralisk, Extractor  
  119  8:40  Zergling x2  
  124  8:42  Hydralisk  
  124  8:47  Baneling  
  126  8:49  Hydralisk  
  125  8:56  Hydralisk  
  125  8:57  Zergling x4  
  125  8:58  Zergling x8  
  125  8:59  Zergling x6  
  125  9:00  Zergling x4  
  132  9:03  Hydralisk, Zergling x2  
  132  9:04  Zergling x6  
  132  9:05  Zergling x2  
  132  9:07  Zergling x2  
  132  9:08  Zergling x2  
  138  9:11  Hydralisk  
  140  9:18  Hydralisk  
  140  9:20  Zergling x4  
  140  9:23  Zergling x2  
  145  9:24  Overlord  
  145  9:30  Baneling x7  
  145  9:32  Zergling x2  
  145  9:34  Baneling x4  
  145  9:35  Hatchery  
  145  9:36  Hydralisk  
  145  9:37  Hydralisk  
  146  9:39  Zergling x2  
  146  9:41  Zergling x2  
  146  9:42  Overlord  
  146  9:43  Hydralisk x2  
  146  9:45  Zergling x2  
  153  9:46  Zergling x6  
  153  9:50  Zergling x2  
  153  9:51  Zergling x2  
  153  9:52  Zergling x2  
  159  9:53  Zergling x2  
  159  9:54  Zergling x4  
  159  9:57  Hydralisk x2  
  159  9:58  Hydralisk  
  168  10:01  Zergling x4  
  168  10:02  Zergling x2  
  137  10:10  Hydralisk  
  137  10:12  Hydralisk  
  137  10:13  Zergling x10  
  124  10:14  Queen  
  124  10:15  Baneling x7  
  124  10:18  Baneling x2  
  124  10:20  Hydralisk  
  128  10:25  Hydralisk  
  128  10:26  Hydralisk  
  128  10:30  Baneling, Zergling x4  
  128  10:33  Zergling x2  
  128  10:34  Baneling x2  
  128  10:35  Baneling, Zergling x4  
  131  10:36  Baneling  
  131  10:37  Zergling x2  
  131  10:38  Zergling x2  
  131  10:40  Baneling x2  
  131  10:41  Zergling x2  
  135  10:45  Hydralisk x2  
  132  10:54  Hydralisk  
  132  10:55  Hydralisk  
  132  10:56  Hydralisk  
  123  11:00  Hydralisk  
  123  11:01  Zergling x2  
  123  11:02  Zergling x6  
  113  11:09  Drone  
  113  11:11  Hydralisk x3  
  102  11:14  Zergling x2  
  102  11:16  Zergling x2  
  102  11:17  Zergling x12  
  102  11:18  Queen x2  
  118  11:19  Zergling x2  
  118  11:22  Hatchery  
  118  11:24  Zerg Melee Weapons Level 2  
  118  11:27  Zergling x2  
  118  11:28  Queen x2  
  118  11:30  Hydralisk  
  118  11:32  Zergling x2  
  124  11:34  Drone  
  124  11:38  Hydralisk x2  
  129  11:40  Baneling x5  
  129  11:42  Zergling x4  
  129  11:45  Hydralisk  
  133  11:47  Hydralisk  
  133  11:49  Hydralisk  
  133  11:53  Hydralisk  
  137  11:54  Zergling x2  
  137  11:55  Zergling x4  
  137  11:57  Zergling x2  
  137  11:58  Zergling x2  
  137  11:59  Zergling x2  
  141  12:03  Hydralisk  
  141  12:06  Zergling x4  
  145  12:13  Baneling  
  145  12:14  Zergling x2  
  145  12:15  Baneling, Zergling x2  
  147  12:16  Baneling x4, Zergling x2  
  147  12:17  Zergling x4  
  147  12:19  Zergling x6  
  147  12:20  Overseer, Zergling x2  
  147  12:22  Zergling x2  
  155  12:23  Drone  
  155  12:25  Hydralisk  
  158  12:31  Infestation Pit  
  158  12:33  Baneling x4  
  158  12:35  Zergling x2  
  156  12:45  Zergling x2  
  150  12:54  Baneling x2  
  150  12:57  Hydralisk  
  149  13:04  Hydralisk x2  
  149  13:05  Hydralisk x5  
  161  13:06  Zergling x6  
  161  13:07  Zergling x22  
  161  13:08  Zergling x2  
  161  13:10  Zergling x2  
  177  13:13  Zergling x4  
  177  13:14  Zergling x4  
  177  13:15  Zergling x2  
  177  13:17  Hydralisk  
  177  13:19  Zergling x2  
  181  13:20  Zergling x2  
  181  13:22  Zergling x2  
  181  13:23  Zergling x2  
  180  13:28  Pneumatized Carapace, Overseer, Zergling x2  
  180  13:29  Overseer  
  180  13:33  Overlord  
  181  13:34  Overlord  
  181  13:35  Baneling x3  
  181  13:36  Baneling  
  180  13:41  Hydralisk  
  180  13:43  Zergling x2  
  180  13:45  Baneling x5  
  180  13:48  Baneling x2  
  182  13:52  Zergling x2  
  182  13:53  Zergling x4  
  182  13:54  Baneling  
  182  13:55  Baneling  
  184  13:56  Zergling x4  
  184  13:57  Zergling x2  
Show
View Real Time Build Order
Export as new Build Order

harstem Protoss - Winner!

Build Orders: 1 Gate Expand, Oracle Opening, Phoenix Opening, Archon Immortal, Mass Phoenix 

Get SALT Encoding   

  12  0:00  Probe  
  13  0:12  Probe  
  14  0:18  Pylon  
  14  0:24  Probe  
  15  0:33  Probe  
  15  0:41  Probe  
  15  0:42  Gateway  
  16  0:48  Assimilator  
  17  0:51  Probe  
  18  1:03  Probe  
  19  1:15  Probe  
  20  1:23  Nexus  
  20  1:34  Cybernetics Core  
  20  1:38  Probe  
  21  1:45  Assimilator  
  21  1:50  Probe  
  21  1:52  Pylon  
  22  2:02  Adept, Probe  
  23  2:14  Probe  
  26  2:16  Stargate  
  26  2:20  Adept  
  26  2:26  Probe  
  29  2:31  Warp Gate  
  29  2:35  Probe  
  30  2:38  Probe  
  31  2:46  Adept  
  31  2:47  Probe  
  34  2:52  Phoenix  
  34  2:54  Probe  
  35  2:59  Probe  
  38  3:05  Pylon  
  38  3:06  Probe  
  38  3:11  Probe  
  40  3:18  Probe  
  41  3:20  Oracle  
  41  3:23  Probe  
  38  3:30  Probe  
  38  3:31  Gateway  
  42  3:34  Probe  
  42  3:38  Adept  
  45  3:42  Assimilator, Probe x2  
  45  3:44  Assimilator  
  47  3:50  Probe  
  47  3:53  Stargate  
  47  3:54  Probe  
  49  3:57  Pylon  
  49  4:02  Probe  
  50  4:06  Probe  
  51  4:12  Phoenix  
  51  4:14  Probe  
  51  4:17  Pylon  
  54  4:18  Probe  
  54  4:21  Pylon  
  55  4:31  Phoenix  
  55  4:37  Phoenix  
  57  4:40  Probe  
  57  4:42  Zealot x2  
  64  4:47  Pylon  
  64  4:54  Phoenix  
  64  4:55  Probe  
  64  4:56  Phoenix  
  66  5:05  Nexus  
  68  5:08  Pylon  
  68  5:14  Phoenix  
  68  5:18  Probe  
  68  5:19  Phoenix  
  73  5:28  Probe  
  73  5:31  Robotics Facility  
  74  5:42  Phoenix  
  74  5:44  Probe  
  74  5:47  Forge  
  74  5:48  Phoenix  
  74  5:49  Twilight Council  
  79  5:57  Probe  
  79  5:59  Phoenix  
  79  6:03  Zealot x2  
  84  6:06  Pylon  
  86  6:11  Immortal, Probe x2  
  86  6:20  Shield Battery, Probe  
  86  6:23  Probe x2  
  86  6:25  Zealot, Sentry  
  95  6:31  Shield Battery  
  97  6:37  Pylon  
  95  6:40  Probe x2  
  95  6:44  Probe  
  95  6:47  Protoss Ground Weapons Level 1  
  98  6:48  Zealot x2  
  98  6:51  Probe  
  98  6:52  Probe  
  98  6:53  Probe  
  100  6:54  Assimilator  
  100  6:59  Assimilator, Probe, Pylon  
  101  7:01  Probe  
  101  7:04  Probe  
  101  7:05  Immortal  
  101  7:07  Charge, Probe  
  108  7:11  Sentry  
  108  7:13  Probe  
  108  7:15  Gateway  
  111  7:17  Gateway, Probe  
  111  7:20  Pylon  
  111  7:31  Immortal  
  111  7:36  Probe  
  110  7:37  Probe  
  110  7:40  Photon Cannon  
  110  7:41  Pylon  
  111  7:44  Zealot x2  
  111  7:49  Gateway  
  111  7:50  Templar Archives  
  119  7:54  Gateway  
  119  7:58  Immortal  
  119  8:01  Gateway  
  119  8:03  Pylon  
  119  8:09  Psionic Storm  
  123  8:12  Pylon  
  123  8:24  Gateway  
  123  8:26  Gateway, Nexus  
  123  8:27  Protoss Ground Weapons Level 2  
  123  8:28  High Templar x3  
  123  8:29  High Templar  
  131  8:34  Pylon  
  131  8:35  Pylon  
  131  8:38  Gateway  
  131  8:42  Warp Prism  
  131  8:48  Pylon  
  133  8:57  Zealot x3  
  137  9:07  Nexus  
  137  9:09  High Templar  
  135  9:10  Zealot x2, High Templar  
  135  9:13  Photon Cannon  
  135  9:15  Archon, Shield Battery  
  141  9:19  High Templar x2  
  141  9:20  Zealot  
  141  9:21  Immortal  
  141  9:24  Archon  
  151  9:33  Zealot x4  
  159  9:39  Probe  
  159  9:41  Assimilator  
  159  9:43  Assimilator  
  160  9:49  High Templar x2  
  164  9:52  Zealot x2  
  164  9:53  Archon  
  168  10:02  Archon  
  146  10:07  Warp Prism  
  146  10:13  Zealot x6  
  146  10:14  Zealot x2  
  151  10:18  Probe  
  148  10:22  High Templar  
  148  10:23  High Templar  
  148  10:29  Probe x2  
  148  10:30  Fleet Beacon  
  148  10:32  Photon Cannon  
  148  10:34  Photon Cannon  
  146  10:37  High Templar x2  
  146  10:41  Archon  
  150  10:56  Zealot x6  
  150  10:57  Zealot x2  
  140  10:58  Immortal  
  140  11:00  Carrier  
  134  11:04  Archon  
  134  11:06  Carrier  
  138  11:12  Probe  
  151  11:21  High Templar x3  
  151  11:23  Protoss Air Weapons Level 1  
  157  11:25  Photon Cannon  
  157  11:27  Zealot x2  
  157  11:31  Protoss Ground Weapons Level 3, High Templar  
  155  11:37  Zealot x3  
  151  12:05  Graviton Catapult  
  151  12:10  Observer, High Templar, Probe  
  151  12:12  High Templar  
  151  12:13  High Templar, Nexus  
  151  12:14  Pylon, Photon Cannon  
  151  12:15  Photon Cannon  
  158  12:18  Archon, Photon Cannon  
  158  12:20  Carrier  
  159  12:24  Probe x2  
  159  12:26  Probe x2  
  159  12:28  Assimilator  
  163  12:32  Assimilator  
  163  12:34  Pylon  
  163  12:36  Probe  
  164  12:42  Zealot  
  172  12:46  Zealot  
  172  12:49  Zealot  
  176  12:57  Photon Cannon  
  176  12:58  High Templar x3  
  174  12:59  High Templar  
  174  13:03  Archon  
  180  13:05  Zealot x2  
  180  13:06  Zealot  
  180  13:08  Zealot  
  188  13:18  Archon  
  176  13:35  High Templar x2  
  176  13:40  Photon Cannon  
  178  13:41  Archon  
  178  13:42  Photon Cannon  
  178  13:44  Photon Cannon  
  178  13:46  Zealot x5  
  178  13:47  Shield Battery  
  165  14:03  Zealot x2  
  157  14:16  Archon  
Tags
 
Add a new tag
Caveats
  • Supply blocks, unpowered buildings, or Contaminate may cause inaccurate times.
  • Supply counts are checked every 10 seconds.